 Dungeon Crawl Stone Soup version 0.23.2-33-g5129a83184 (webtiles) character file.

Game seed: 1686855508426426120

18582 Hatywr the Basher (level 12, -1/97 HPs)
             Began as a Demonspawn Berserker on July 27, 2019.
             Was a High Priest of Trog.
             Slain by Rupert
             ... wielding a +2 battleaxe of flaming
              (10 damage)
             ... on level 3 of the Lair of Beasts on July 28, 2019.
             The game lasted 00:31:49 (13710 turns).

Hatywr the Basher (Demonspawn Berserker)           Turns: 13710, Time: 00:31:50

Health: -1/97      AC: 27    Str: 28    XL:     12   Next: 29%
Magic:  21/21      EV: 14    Int: 10    God:    Trog [*****.]
Gold:   600        SH:  0    Dex: 18    Spells: 11/11 levels left

rFire    . . .     SeeInvis .   R - +2 great mace (drain)
rCold    . . .     Gourm    .   (shield currently unavailable)
rNeg     + . .     Faith    .   U - +0 plate armour
rPois    +         Spirit   .   O - +2 helmet
rElec    .         Reflect  .   G - +0 cloak
rCorr    .         Harm     .   (no gloves)
MR       +....                  (no boots)
Stlth    ..........             K - amulet "Wiotia Arghu" {Acrobat Int+2}
HPRegen  0.26/turn              S - ring "Etisug" {*Slow rPois rN+ Str+3}
MPRegen  0.17/turn              Q - ring "Tyzonliq" {MR+ MP+9 Str+2}

@: agile, sanguine armour
A: talons 1, demonic guardian 3, powered by pain 1, sanguine armour 2
a: Berserk, Trog's Hand, Brothers in Arms, Renounce Religion


You were on level 3 of the Lair of Beasts.
You worshipped Trog.
Trog was extremely pleased with you.
You were not hungry.

You visited 2 branches of the dungeon, and saw 13 of its levels.
You also visited: Ossuary.

You collected 690 gold pieces.
You spent 90 gold pieces at shops.

Inventory:

Hand Weapons
 R - a +2 great mace of draining (weapon)
Armour
 G - a +0 cloak (worn)
 O - a +2 helmet (worn)
 U - a +0 plate armour (worn)
Jewellery
 b - a +3 ring of strength {unknown}
 d - an uncursed ring of flight
 f - an uncursed ring of resist corrosion
 r - an uncursed ring of resist corrosion
 w - a cursed amulet of inaccuracy {unknown}
 K - the amulet "Wiotia Arghu" (around neck) {Acrobat Int+2}
   (You found it on level 8 of the Dungeon)

   [amulet of the acrobat]

   It helps you evade while moving and waiting.
   It affects your intelligence (+2).
 Q - the ring "Tyzonliq" (right hand) {MR+ MP+9 Str+2}
   (You found it on level 8 of the Dungeon)

   [ring of strength]

   It affects your strength (+2).
   It affects your resistance to hostile enchantments.
   It affects your magic capacity (+9).
 S - the ring "Etisug" (left hand) {*Slow rPois rN+ Str+3}
   (You found it on level 8 of the Dungeon)

   [ring of positive energy]

   It affects your strength (+3).
   It protects you from poison.
   It protects you from negative energy.
   It may slow you when you take damage.
 T - the ring "Zilaj" {rF+ Int+3}
   (You found it on level 8 of the Dungeon)

   [ring of protection from fire]

   It affects your intelligence (+3).
   It protects you from fire.
Wands
 g - a wand of disintegration (10)
 h - a wand of random effects (20)
 q - a wand of iceblast (8)
 A - a wand of paralysis (11)
 C - a wand of clouds (9)
 I - a wand of acid (11)
 M - a wand of enslavement (24)
 X - a wand of digging (7)
Scrolls
 e - a scroll of enchant weapon {unknown}
 i - 9 scrolls of identify {unknown}
 j - 2 scrolls of enchant armour {unknown}
 k - 4 scrolls of remove curse
 m - a scroll of fog {unknown}
 n - 2 scrolls of noise {unknown}
 o - 5 scrolls of teleportation {unknown}
 u - 3 scrolls of magic mapping {unknown}
 v - 5 scrolls of immolation {unknown}
 y - 6 scrolls of random uselessness {unknown}
Potions
 s - a potion of brilliance
 t - 3 potions of curing
 x - 2 potions of ambrosia {unknown}
 z - a potion of magic {unknown}
 B - 7 potions of degeneration {unknown}
 D - 3 potions of might
 E - 5 potions of lignification
 H - 5 potions of heal wounds {unknown}
 J - 2 potions of berserk rage {unknown}
 N - 2 potions of flight {unknown}
 V - 3 potions of invisibility {unknown}
Miscellaneous
 W - a crystal ball of energy
Comestibles
 a - 2 chunks of flesh
 c - 23 rations


   Skills:
 + Level 10.0 Fighting
 - Level 14.0 Maces & Flails
 + Level 8.9 Armour
 - Level 1.7 Dodging
 - Level 0.4 Stealth


You had 11 spell levels left.
You didn't know any spells.
Your spell library was empty.

Dungeon Overview and Level Annotations

Branches:
Dungeon (10/15)            Temple (0/1) D:6            Lair (3/6) D:10
 Shoals (0/4) Lair:3        Snake (0/4) Lair:2
    Orc: D:9-12

Altars:
Fedhas
Makhleb
Nemelex Xobeh
Ru
Wu Jian
Zin

Shops:
D:9 (

Annotations:
Lair:3 Rupert


Innate Abilities, Weirdness & Mutations

You have sharp toenails.
A powerful demonic guardian rushes to your aid.
You sometimes gain a little power by taking damage.
When seriously injured, your bleeding wounds create thick armour. (AC +9)


Message History

Rupert hits your cacodemon with a +2 battleaxe of flaming!
Rupert burns your cacodemon.
Your cacodemon hits Rupert! Your cacodemon hits Rupert.
Your plate armour prevents you from hitting Rupert.
Rupert is almost dead.
Rupert hits you with a +2 battleaxe of flaming!!
* * * LOW HITPOINT WARNING * * *
You focus on the pain.
You feel agile all of a sudden. Rupert burns you!
* * * LOW HITPOINT WARNING * * *
Rupert hits your cacodemon but does no damage.
Your cacodemon gestures at Rupert.
Rupert resists with almost no effort.
Okay, then.
You feel better.
Rupert hits your cacodemon with a +2 battleaxe of flaming!!
Rupert burns your cacodemon!
Rupert hits you with a +2 battleaxe of flaming!
You die...

.....>
.#..............P#
.....
....>..........P.#
.##.
#.#P......##..####
..# ######..#####
#.. #..#### ##
##....# ## ##...#
##.#P.#2#.###.#
#.....@@>....#
.............#
#.+...........#
#..........##
#..........#
#.?.........#
#...........##
####.#.######


You could see Rupert (berserk) and a friendly cacodemon.

Vanquished Creatures
  Gastronok (Lair:2)
  Harold (Lair:2)
  A hydra (Lair:3)
  A catoblepas (Lair:3)
  3 two-headed ogres
  Urug (Lair:2)
  2 spiny frogs
  A rime drake (Lair:1)
  5 komodo dragons
  3 hippogriffs
  3 wyverns
  A basilisk (Lair:1)
  5 yaks
  11 water moccasins
  4 porcupines
  An orc warrior (D:9)
  4 ice beasts
  3 sky beasts
  2 black bears
  A necrophage (D:8)
  3 centaurs
  6 phantoms
  2 ogres
  A big kobold (D:8)
  2 crocodiles (Lair:2)
  10 bullfrogs
  2 gnoll sergeants
  A water moccasin zombie (D:7)
  4 scorpions
  4 killer bees
  A wight (D:7)
  3 crimson imps
  A bullfrog zombie (D:7)
  5 human zombies (Ossuary)
  2 quasits
  3 jellies
  4 hounds
  A bullfrog skeleton (D:8)
  A gnoll shaman (D:9)
  4 orc priests
  9 orc wizards
  4 iguanas
  7 worker ants
  A big kobold zombie (Ossuary)
  A hound skeleton (D:7)
  2 hound zombies
  5 mummies (Ossuary)
  13 adders
  19 gnolls
  5 shadow imps
  An ooze (D:3)
  2 adder zombies
  An adder skeleton (D:6)
  3 worms (D:3)
  A dart slug (D:1)
  6 leopard geckos
  40 orcs
  4 bats
  9 giant cockroaches
  6 goblins
  8 hobgoblins
  12 jackals
  5 quokkas
  2 ball pythons (D:3)
  5 frilled lizards
  2 hobgoblin zombies (Ossuary)
  10 kobolds
  A quokka skeleton (D:7)
  10 rats
308 creatures vanquished.

Vanquished Creatures (collateral kills)
  A black mamba (Lair:2)
  A centaur zombie (D:10)
  Maurice (D:10)
  A spiny frog (Lair:3)
  A komodo dragon (D:8)
  A troll (D:8)
  Grinder (D:5)
  Prince Ribbit (D:6)
  A hippogriff (Lair:2)
  3 yaks
  A hungry ghost (D:7)
  A water moccasin (Lair:3)
  An orc warrior (D:7)
  A black bear (D:5)
  A hornet zombie (D:7)
  A phantom (D:5)
  2 sky beasts
  A crocodile (Lair:2)
  3 bullfrogs
  A gnoll sergeant (D:6)
  3 killer bees (D:9)
  2 wights (D:7)
  2 howler monkeys
  4 crimson imps
  A quasit (D:5)
  3 hounds
  2 orc wizards
  An iguana (D:10)
  8 gnolls
  4 adders
  A shadow imp (D:6)
  An adder skeleton (D:4)
  3 orcs
  A ball python (Lair:2)
  A giant cockroach (D:4)
  A jackal (D:6)
  2 kobolds (D:3)
  A quokka (D:7)
  A goblin (D:3)
  A jackal skeleton (D:5)
68 creatures vanquished.

Vanquished Creatures (others)
  A plant (D:10)
1 creature vanquished.

Grand Total: 377 creatures vanquished

Notes
Turn   | Place    | Note
-------+----------+-------------------------------------------
     0 | D:1      | Hatywr the Demonspawn Berserker began the quest for the
                  | Orb.
     0 | D:1      | Reached XP level 1. HP: 18/18 MP: 1/1
   292 | D:1      | Reached skill level 3 in Maces & Flails
   323 | D:1      | Gained mutation: A weak demonic guardian rushes to your
                  | aid. [demonic ancestry]
   323 | D:1      | Reached XP level 2. HP: 22/24 MP: 2/2
   810 | D:2      | Gained mutation: A demonic guardian rushes to your aid.
                  | [demonic ancestry]
   810 | D:2      | Reached XP level 3. HP: 23/29 MP: 3/3
   841 | D:2      | Found a burning altar of Makhleb.
   853 | D:2      | Reached skill level 4 in Maces & Flails
  1231 | D:2      | Reached ** piety under Trog
  1408 | D:2      | Reached XP level 4. HP: 34/35 MP: 4/4
  2267 | D:3      | Reached skill level 5 in Maces & Flails
  2275 | D:3      | Gained mutation: You sometimes gain a little power by
                  | taking damage. [demonic ancestry]
  2275 | D:3      | Reached XP level 5. HP: 31/41 MP: 5/5
  3080 | D:3      | Reached *** piety under Trog
  3191 | D:4      | Reached skill level 6 in Maces & Flails
  3194 | D:4      | Gained mutation: When seriously injured, your bleeding
                  | wounds create armour. (AC +9) [demonic ancestry]
  3194 | D:4      | Reached XP level 6. HP: 10/47 MP: 6/6
  3829 | D:4      | Found a sparkling altar of Nemelex Xobeh.
  3942 | D:5      | Entered Level 5 of the Dungeon
  3942 | D:5      | Noticed Grinder
  3952 | D:5      | Paralysed by Grinder for 6 turns
  3956 | D:5      | Killed Grinder
  3956 | D:5      | Reached skill level 7 in Maces & Flails
  4000 | D:5      | Reached XP level 7. HP: 51/52 MP: 7/7
  4425 | D:5      | Found a sacrificial altar of Ru.
  4600 | D:6      | Found a staircase to the Ecumenical Temple.
  4708 | D:6      | Reached skill level 8 in Maces & Flails
  4835 | D:6      | Noticed Prince Ribbit
  4842 | D:6      | Killed Prince Ribbit
  4984 | D:6      | Reached skill level 9 in Maces & Flails
  4984 | D:6      | Gained mutation: When seriously injured, your bleeding
                  | wounds create thick armour. (AC +9) [demonic ancestry]
  4984 | D:6      | Reached XP level 8. HP: 58/58 MP: 8/8
  4991 | D:6      | Reached **** piety under Trog
  5528 | D:6      | Reached skill level 10 in Maces & Flails
  5907 | D:7      | Reached skill level 11 in Maces & Flails
  5907 | D:7      | Reached XP level 9. HP: 48/63 MP: 9/9
  6099 | D:7      | Found a sand-covered staircase.
  6105 | Ossuary  | Entered an ossuary
  6903 | D:7      | Reached skill level 12 in Maces & Flails
  7215 | D:7      | Reached ***** piety under Trog
  7729 | D:7      | Found Zin's Purification Station.
  7732 | D:7      | Found a glowing silver altar of Zin.
  7735 | D:7      | Bought a potion of curing for 90 gold pieces
  7824 | D:7      | Found an ornate altar of the Wu Jian Council.
  7824 | D:7      | Found a blossoming altar of Fedhas.
  7994 | D:8      | Noticed a troll
  8004 | D:8      | Killed a troll
  8015 | D:8      | Reached skill level 13 in Maces & Flails
  8015 | D:8      | Reached XP level 10. HP: 43/70 MP: 10/10
  8041 | D:8      | Got a coiled lead amulet
  8042 | D:8      | Identified the amulet "Wiotia Arghu" {Acrobat Int+2} (You
                  | found it on level 8 of the Dungeon)
  8707 | D:8      | Received a gift from Trog
  8836 | D:8      | Got a translucent steel ring
  8839 | D:8      | Got a smoking copper ring
  8846 | D:8      | Got a fine wooden ring
  9233 | D:9      | Reached skill level 14 in Maces & Flails
  9239 | D:9      | Identified the ring "Tyzonliq" {MR+ MP+9 Str+2} (You found
                  | it on level 8 of the Dungeon)
  9311 | D:9      | Found Luofacs's Antique Weapon Shoppe.
  9325 | D:9      | Noticed a two-headed ogre
  9332 | D:9      | Killed a two-headed ogre
  9567 | D:9      | Noticed a two-headed ogre
  9577 | D:9      | Killed a two-headed ogre
  9577 | D:9      | Reached skill level 5 in Fighting
 10035 | D:9      | Identified the ring "Zilaj" {rF+ Int+3} (You found it on
                  | level 8 of the Dungeon)
 10037 | D:9      | Identified the ring "Etisug" {*Slow rPois rN+ Str+3} (You
                  | found it on level 8 of the Dungeon)
 10156 | D:10     | Entered Level 10 of the Dungeon
 10178 | D:10     | Found a staircase to the Lair.
 10193 | D:10     | Gained mutation: A powerful demonic guardian rushes to your
                  | aid. [demonic ancestry]
 10193 | D:10     | Reached XP level 11. HP: 61/80 MP: 11/11
 10210 | D:10     | Noticed a two-headed ogre
 10215 | D:10     | Killed a two-headed ogre
 10215 | D:10     | Reached skill level 5 in Armour
 10834 | D:10     | Noticed Maurice
 10839 | D:10     | Killed Maurice
 11239 | Lair:1   | Entered Level 1 of the Lair of Beasts
 11490 | Lair:1   | Received a gift from Trog
 12154 | Lair:2   | Noticed Urug
 12165 | Lair:2   | Killed Urug
 12222 | Lair:2   | Noticed Gastronok
 12231 | Lair:2   | Killed Gastronok
 12282 | Lair:2   | Found a staircase to the Snake Pit.
 12675 | Lair:2   | Noticed Harold
 12687 | Lair:2   | Killed Harold
 12745 | Lair:2   | Gained mutation: You have sharp toenails. [demonic
                  | ancestry]
 12745 | Lair:2   | Reached XP level 12. HP: 95/95 MP: 12/12
 13366 | Lair:3   | Noticed a catoblepas
 13377 | Lair:3   | Killed a catoblepas
 13506 | Lair:3   | Found a staircase to the Shoals.
 13565 | Lair:3   | Noticed a five-headed hydra
 13571 | Lair:3   | Killed a five-headed hydra
 13690 | Lair:3   | Reached skill level 10 in Fighting
 13701 | Lair:3   | Noticed Rupert
 13709 | Lair:3   | HP: 2/97 [Rupert/+2 battleaxe of flaming (9)]
 13710 | Lair:3   | Slain by Rupert

Skill      XL: |  1  2  3  4  5  6  7  8  9 10 11 12 |
---------------+-------------------------------------+-----
Maces & Flails | 3 4 5 6 7 9 11 13 14 | 14.0
Fighting       | 5 9 10 | 10.0
Armour         | 4 8 |  8.9
Dodging        | |  1.7
Stealth        | |  0.4

Action                   |  1- 3 |  4- 6 |  7- 9 | 10-12 || total
-------------------------+-------+-------+-------+-------++-------
Melee: Mace              |   111 |   179 |   627 |   141 ||  1058
       Great mace        |       |       |       |   386 ||   386
       Kick              |       |       |       |    20 ||    20
Invok: Berserk           |       |     4 |     6 |     5 ||    15
       Trog's Hand       |       |       |     1 |       ||     1
  Use: Potion            |       |     1 |     3 |     1 ||     5
       Scroll            |       |       |       |     4 ||     4
 Stab: Distracted        |       |       |     1 |     1 ||     2
  Eat: Chunk             |     2 |    11 |    19 |    17 ||    49
       Ration            |       |       |     1 |     2 ||     3
Armor: Scale mail        |    50 |    98 |       |       ||   148
       Chain mail        |       |     8 |   255 |   193 ||   456
       Plate armour      |       |       |       |   158 ||   158
Dodge: Dodged            |    70 |   138 |   216 |   319 ||   743
